 Dungeon Crawl Stone Soup version 0.30-a0-728-gc68057be0a (webtiles) character file.

Game seed: 8019694545703550944

305700 garrulousMonolith the Tortoise (level 21, -6/147 HPs)
             Began as a Gargoyle Fighter on Jan 30, 2023.
             Was a High Priest of Okawaru.
             Mangled by a yaktaur captain (23 damage)
             ... on level 2 of the Vaults.
             The game lasted 01:16:05 (52657 turns).

garrulousMonolith the Tortoise (Gargoyle Fighter)  Turns: 52657, Time: 01:16:05

Health: -6/147     AC: 75    Str: 25    XL:     21   Next: 14%
Magic:  29/31      EV: 11    Int: 19    God:    Okawaru [*****.]
Gold:   1348       SH: 20    Dex: 14    Spells: 20/20 levels left

rFire   . . .      SeeInvis +    a - +9 eveningstar (drain)
rCold   + . .      Faith    .    s - +0 kite shield
rNeg    + . .      Spirit   .    y - +13 crystal plate armour of the Comet {rC+ Regen+ Str-3}
rPois   ∞          Reflect  +    B - +1 helmet
rElec   +          Harm     .    k - +2 cloak {Will+}
rCorr   .          Rampage  .    t - +2 pair of gloves {hurl}
Will    +++..                    I - +2 pair of boots Stlth
                                 N - amulet of reflection
HPRegen 1.24/turn                K - ring of Potam {rPois Str+6 Int+5 Dex-2 SInv}
MPRegen 0.22/turn                F - ring "Izun" {Will+ Dex+3}

@: heroic, marked, flying, studying 2 skills
A: sickness immunity, AC +16, big wings, negative energy resistance 1,
electricity resistance, torment resistance 1, petrification resistance,
MP-powered wands
}: 2/15 runes: serpentine, barnacled
a: Renounce Religion, Heroism, Finesse, Duel


You were on level 2 of the Vaults.
You worshipped Okawaru.
Okawaru was extremely pleased with you.
You visited 8 branches of the dungeon, and saw 36 of its levels.
You visited 1 bazaar.
You also visited: Sewer and Bailey.

You collected 4034 gold pieces.
You spent 2686 gold pieces at shops.

Inventory:

Hand Weapons
 a - a +9 eveningstar of draining (weapon)
 b - the +9 sling "Vigaf" {antimagic, rElec rF+ rC+}
   (You found it on level 3 of the Dungeon)

   rF:        It protects you from fire.
   rC:        It protects you from cold.
   rElec:     It insulates you from electricity.
 H - the +9 flail of the Glowing Madman {drain, rF+ Str-2 Stlth+}
   (Okawaru gifted it to you on level 1 of the Shoals)

   Str:       It affects your strength (-2).
   rF:        It protects you from fire.
   Stlth:     It makes you more stealthy.
 U - a +5 demon whip of venom
 W - the +6 mace of Balance {flame, rPois rF+ rN+}
   (You took it off an orc on level 3 of the Dungeon)

   rF:        It protects you from fire.
   rPois:     It protects you from poison.
   rN:        It protects you from negative energy.
Missiles
 m - 56 poisoned darts (quivered)
 w - 3 throwing nets
 z - 13 curare-tipped darts
 E - 31 boomerangs
Armour
 c - the +5 plate armour of Ugetyf {rElec rF+ rN+ Dex+4}
   (You found it on level 14 of the Dungeon)

   Dex:       It affects your dexterity (+4).
   rF:        It protects you from fire.
   rElec:     It insulates you from electricity.
   rN:        It protects you from negative energy.
 k - a +2 cloak of willpower (worn)
 s - a +0 kite shield (worn)
 t - a +2 pair of gloves of hurling (worn)
 y - the +13 crystal plate armour of the Comet (worn) {rC+ Regen+ Str-3}
   (You acquired it in a bazaar)

   Str:       It affects your strength (-3).
   rC:        It protects you from cold.
   Regen:     It increases your rate of health regeneration.
 B - a +1 helmet (worn)
 I - a +2 pair of boots (worn)
Jewellery
 n - a ring of resist corrosion
 r - a +4 ring of protection
 v - an amulet of regeneration
 F - the ring "Izun" (right hand) {Will+ Dex+3}
   (You bought it in a shop on level 2 of the Orcish Mines)

   [ring of willpower]

   Dex:       It affects your dexterity (+3).
   Will:      It increases your willpower.
 K - the ring of Potam (left hand) {rPois Str+6 Int+5 Dex-2 SInv}
   (You found it on level 2 of the Snake Pit)

   [ring of strength]

   Str:       It affects your strength (+6).
   Int:       It affects your intelligence (+5).
   Dex:       It affects your dexterity (-2).
   rPois:     It protects you from poison.
   SInv:      It lets you see invisible.
 L - a ring of willpower
 M - a ring of protection from fire
 N - an amulet of reflection (around neck)
 T - an amulet of the acrobat
 V - a +6 ring of strength
Wands
 i - a wand of light (10)
 j - a wand of mindburst (46)
 p - a wand of roots (25)
 C - a wand of flame (82)
 Q - a wand of polymorph (8)
 X - a wand of digging (1)
Scrolls
 e - 13 scrolls of teleportation
 h - 3 scrolls of poison
 l - 5 scrolls of fog
 u - 3 scrolls of enchant armour
 x - 2 scrolls of fear
 D - 7 scrolls of silence
 G - 18 scrolls of identify
 P - 5 scrolls of magic mapping
 R - 5 scrolls of immolation
 S - 3 scrolls of blinking
 Z - 4 scrolls of amnesia
Potions
 f - 4 potions of magic
 g - 11 potions of mutation
 o - 6 potions of brilliance
 q - 2 potions of cancellation
 A - 3 potions of ambrosia
 J - 4 potions of curing
 O - 5 potions of might
 Y - 3 potions of resistance
Miscellaneous
 d - a condenser vane


   Skills:
 + Level 20.7(25.7) Fighting
 - Level 16.0(21.0) Maces & Flails
 * Level 8.8(13.8) Ranged Weapons
 + Level 20.7(25.7) Armour
 + Level 7.3(12.3) Dodging
 - Level 15.0(20.0) Shields
 + Level 14.5 Invocations


You had 20 spell levels left.
You didn't know any spells.
Your spell library contained the following spells:

 Spells                   Type           Power      Damage    Failure   Level
 Apportation              Tloc           0%         N/A       93%         1
 Beastly Appendage        Tmut           0%         N/A       93%         1
 Foxfire                  Conj/Fire      0%         2x1d4     93%         1
 Freeze                   Ice            0%         1d3       93%         1
 Magic Dart               Conj           0%         1d3       93%         1
 Necrotise                Necr           0%         1d4       93%         1
 Shock                    Conj/Air       0%         1d3       93%         1
 Slow                     Hex            0%         N/A       93%         1
 Ensorcelled Hibernation  Hex/Ice        0%         N/A       98%         2
 Wereblood                Tmut           0%         N/A       98%         2
 Confusing Touch          Hex            0%         N/A       100%        3
 Dazzling Flash           Conj/Hex       0%         N/A       100%        3
 Frozen Ramparts          Ice            0%         1d1       100%        3
 Hailstorm                Conj/Ice       0%         3d3       100%        3
 Inner Flame              Hex/Fire       0%         N/A       100%        3
 Mephitic Cloud           Conj/Pois/Air  0%         N/A       100%        3
 Ozocubu's Armour         Ice            0%         N/A       100%        3
 Portal Projectile        Hex/Tloc       0%         N/A       100%        3
 Spider Form              Tmut/Pois      0%         N/A       100%        3
 Stone Arrow              Conj/Erth      0%         3d7       100%        3
 Swiftness                Air            0%         N/A       100%        3
 Vampiric Draining        Necr           0%         2d6       100%        3
 Vhi's Electric Charge    Tloc/Air       0%         N/A       100%        3
 Airstrike                Air            0%         2d(0-16)  100%        4
 Anguish                  Hex/Necr       0%         N/A       100%        4
 Cause Fear               Hex            0%         N/A       100%        4
 Ice Form                 Ice/Tmut       0%         N/A       100%        4
 Iskenderun's Mystic Bla  Conj/Tloc      0%         2d3       100%        4
 Manifold Assault         Tloc           0%         N/A       100%        4
 Olgreb's Toxic Radiance  Pois           0%         N/A       100%        4
 Passage of Golubria      Tloc           0%         N/A       100%        4
 Agony                    Necr           0%         N/A       100%        5
 Alistair's Intoxication  Tmut/Pois      0%         N/A       100%        5
 Arcjolt                  Conj/Air       0%         1d10      100%        5
 Blade Hands              Tmut           0%         N/A       100%        5
 Borgnjor's Vile Clutch   Necr/Erth      0%         N/A       100%        5
 Fireball                 Conj/Fire      0%         3d3       100%        5
 Dispersal                Tloc           0%         N/A       100%        6
 Eringya's Noxious Bog    Tmut/Pois      0%         N/A       100%        6
 Iron Shot                Conj/Erth      0%         9d1       100%        6
 Starburst                Conj/Fire      0%         6d3       100%        6
 Ozocubu's Refrigeration  Ice            0%         4d7       100%        7
 Discord                  Hex            0%         N/A       100%        8
 Disjunction              Tloc           0%         N/A       100%        8
 Ignition                 Fire           0%         3d3       100%        8
 Lehudib's Crystal Spear  Conj/Erth      0%         10d2      100%        8
 Shatter                  Erth           0%         3d5*      100%        9
 Summon Small Mammal      Summ           Unusable   N/A       N/A         1
 Call Imp                 Summ           Unusable   N/A       N/A         2
 Tukima's Dance           Hex            Unusable   N/A       N/A         3
 Animate Armour           Summ/Erth      Unusable   N/A       N/A         4
 Summon Forest            Summ/Tloc      Unusable   N/A       N/A         5
 Simulacrum               Ice/Necr       Unusable   N/A       N/A         6

Dungeon Overview and Level Annotations

Branches:
Dungeon (15/15)            Temple (1/1) D:7            Lair (5/5) D:10
 Shoals (4/4) Lair:2        Snake (4/4) Lair:3        Slime (0/5) Lair:4
    Orc (2/2) D:12            Elf (3/3) Orc:2        Vaults (2/5) D:14
  Crypt (0/3) Vaults:2     Depths (0/4) D:15          Sewer (visited)
 Bailey (visited)

Altars:
Ashenzari
Cheibriados
Dithmenos
Elyvilon
Fedhas
Gozag
Hepliaklqana
Kikubaaqudgha
Makhleb
Nemelex Xobeh
Okawaru
Qazlal
Ru
Sif Muna
Trog
Uskayaw
Vehumet
Wu Jian
Xom
Yredelemnul
Zin
The Shining One
Jiyva

Shops:
D:4 (   Orc:2 !(=(   Elf:3 **   Shoals:1 ?[=   Snake:1 *   Vaults:1 !

Annotations:
D:11 3 runed translucent doors, lotum's ghost, journeyman TeAE
Lair:3 2 transporters, Jackthecabe's ghost, journeyman VSBr
Shoals:3 3 runed translucent doors, Heluore's ghost, adept DsGl
Elf:2 3 runed translucent doors


Innate Abilities, Weirdness & Mutations

You are immune to sickness and miasma.
Your stone body is resilient. (AC +16)
You are immune to poison.
Your large and strong wings let you fly.
You resist negative energy. (rN+)
You are resistant to electric shocks. (rElec)
You are resistant to unholy torment.
You are immune to petrification.
You expend magic power (3 MP) to strengthen your wands.


Message History

You barely miss the yaktaur captain.
The yaktaur captain is lightly wounded.
You block the vault sentinel's attack.
You impale the ironbound frostheart!!
You kill the ironbound frostheart!
Okawaru accepts your kill. You block the vault sentinel's attack.
The yaktaur captain hits you!!
* * * LOW HITPOINT WARNING * * *
The vault sentinel hits you but does no damage.
You block the vault sentinel's attack.
You impale the vault sentinel!!
The vault sentinel is heavily wounded.
The vault sentinel blows a loud note on a signal horn!
You block the yaktaur captain's attack. You block the vault sentinel's attack.
You impale the vault sentinel!!
The vault sentinel is almost dead.
The vault sentinel blows a loud note on a signal horn! x2
You block the yaktaur captain's attack.
The vault sentinel points at you and mumbles some strange words.
You easily resist.
You closely miss the vault sentinel.
The vault sentinel is almost dead.
The vault sentinel points at you and mumbles some strange words.
You easily resist.
You bludgeon the vault sentinel!!
You kill the vault sentinel!
Okawaru accepts your kill.
The vault sentinel points at you and mumbles some strange words.
You easily resist.
The vault sentinel blows a loud note on a signal horn!
The yaktaur captain barely misses you.
You gain the combat prowess of a mighty hero.
The vault sentinel points at you and mumbles some strange words.
A sentinel's mark forms upon you. You block the yaktaur captain's attack.
You block the vault sentinel's attack.
You bludgeon the yaktaur captain!!
The yaktaur captain is heavily wounded.
The vault sentinel hits you but does no damage.
The yaktaur captain hits you!!
You die...

#...... #...... #......
#...... ..##......
#...... #......
#########..... #......
#....pp.# ... ######'
#...[)@.# #'### #####.
#...)[)c###.#.## #...##
..'...)...##.....###.#.#.
..#.......'†......##...##
#.......##.....###...#.
#########.......'......
##^...^##......
##.#.###....#. #####
#..#...


You could see a yaktaur captain (strong) and 2 vault sentinels.

Vanquished Creatures
  A deep elf blademaster (Elf:3)
  2 deep elf master archers (Elf:3)
  Polyphemus (Shoals:3)
  7 nagarajas
  3 vault wardens
  6 deep elf sorcerers
  A frost giant (Shoals:4)
  7 deep elf elementalists (Elf:3)
  An orc warlord (Vaults:1)
  4 ironbound preservers
  3 stone giants
  An ironbound thunderhulk (Vaults:2)
  6 deep elf annihilators
  6 deep elf demonologists
  A dire elephant (D:15)
  2 ettins
  11 merfolk impalers
  4 deep elf death magi
  Snorg (Orc:1)
  3 yaktaur captains
  5 merfolk javelineers
  Josephine (D:10)
  A fire dragon (Shoals:1)
  A great orb of eyes (Vaults:1)
  10 deep elf high priests (Elf:3)
  8 vault guards
  Erolcha (Orc:1)
  An ice dragon (Shoals:1)
  5 catoblepae
  10 hydras
  2 ogre magi (Orc:2)
  6 salamander tyrants
  12 two-headed ogres
  An alligator snapping turtle (Shoals:1)
  3 death knights
  4 centaur warriors
  6 ironbound frosthearts
  4 merfolk avatars
  3 boulder beetles
  3 merfolk aquamancers
  12 anacondas
  19 naga warriors
  2 satyrs
  6 death yaks
  Urug (Arena)
  15 naga sharpshooters
  9 dancing weapons
  Sonja (Orc:1)
  10 deep elf knights
  10 shock serpents
  6 salamander mystics
  5 skeletal warriors
  9 deep trolls
  17 sea snakes
  11 naga ritualists
  A glowing orange brain (Vaults:2)
  2 wizards (Vaults:1)
  5 deep elf archers
  8 lindwurms
  8 ironbound convokers
  A phantasmal warrior (D:15)
  17 harpies
  6 orc knights
  Pikel (D:7)
  24 deep elf pyromancers
  21 deep elf zephyrmancers
  17 mana vipers
  17 salamanders
  2 wolf spiders (D:15)
  16 cyclopes
  16 ugly things
  A moth of wrath (shapeshifter) (Vaults:2)
  2 orc sorcerers
  21 manticores
  10 fauns
  2 torpor snails
  7 vault sentinels
  A black mamba (shapeshifter) (Elf:2)
  13 merfolk sirens
  21 naga magi
  Maurice (D:8)
  11 elephants
  36 black mambas
  10 water nymphs
  11 cane toads
  15 guardian serpents
  Psyche (D:8)
  A gargoyle (D:14)
  3 rime drakes
  Maggie (D:7)
  5 komodo dragons
  A kobold demonologist (D:11)
  2 freezing wraiths (D:15)
  2 efreet (D:13)
  A yaktaur (Vaults:2)
  12 trolls
  Prince Ribbit (D:7)
  A polar bear (D:10)
  2 hornets
  A wolf spider simulacrum (D:14)
  4 wind drakes (Shoals:4)
  25 blink frogs
  26 merfolk
  17 snapping turtles
  18 dream sheep
  2 shadows
  An air elemental (Elf:3)
  12 wraiths
  A human (shapeshifter) (D:14)
  6 wyverns
  8 water elementals
  A culicivora (shapeshifter) (Vaults:1)
  2 fire elementals
  A vampire (D:9)
  The ghost of garrulousMonolith the Chopper, an amateur MiBe of Trog (D:3)
  Grum (D:11)
  47 yaks
  Menkaure (D:6)
  6 humans (D:14)
  3 wargs
  48 nagas
  13 water moccasins
  A sky beast (D:8)
  2 black bears
  16 orc warriors
  7 ice beasts
  25 ogres
  13 centaurs
  31 wolves
  A phantom (D:5)
  Blork the orc (D:6)
  5 kobold brigands
  12 bullfrogs
  3 necrophages
  A gnoll sergeant (D:8)
  2 scorpions
  2 earth elementals
  7 wights
  14 killer bees
  5 howler monkeys (D:9)
  6 electric eels
  4 lava snakes (Lair:3)
  5 hounds
  A jelly (D:8)
  A gnoll bouda (D:5)
  7 orc priests
  6 iguanas
  12 orc wizards
  14 adders
  13 gnolls
  3 river rats (Sewer)
  A shadow imp (D:6)
  A white imp (D:5)
  6 worms
  The ghost of Esekla the Sneak, a weakling OpDe (D:6)
  3 dart slugs
  67 orcs
  10 ball pythons
  5 bats
  8 endoplasms
  12 giant cockroaches
  6 hobgoblins
  2 jackals (D:1)
  3 quokkas
  3 frilled lizards
  6 goblins
  43 kobolds
  20 rats
  2 bushes (Shoals:1)
1312 creatures vanquished.

Vanquished Creatures (others)
  A deep elf death mage (Elf:3)
  A harpy (Shoals:4)
  A naga mage (Snake:3)
  A water elemental (Shoals:4)
  A human (D:14)
  7 fungi
  75 plants
87 creatures vanquished.

Grand Total: 1399 creatures vanquished

Notes
Turn   | Place    | Note
-------+----------+-------------------------------------------
     0 | D:1      | garrulousMonolith the Gargoyle Fighter began the quest for
                  | the Orb.
     0 | D:1      | Reached XP level 1. HP: 14/14 MP: 1/1
    93 | D:1      | Reached XP level 2. HP: 19/19 MP: 2/2
   319 | D:1      | Reached XP level 3. HP: 23/23 MP: 3/3
   963 | D:2      | Reached skill level 1 in Dodging
   963 | D:2      | Reached XP level 4. HP: 21/28 MP: 4/4
  1884 | D:3      | Found a glowing drain.
  1924 | Sewer    | Entered a sewer
  1957 | Sewer    | Reached XP level 5. HP: 33/33 MP: 5/5
  2389 | Sewer    | Noticed a kobold brigand
  2404 | Sewer    | Killed a kobold brigand
  2405 | Sewer    | Reached XP level 6. HP: 29/38 MP: 6/6
  3061 | D:3      | Found a radiant altar of Vehumet.
  3180 | D:3      | Found a runed translucent gate.
  3180 | D:3      | Noticed garrulousMonolith's ghost (amateur MiBe)
  3181 | D:3      | Found a runed translucent gate.
  3182 | D:3      | Found a runed translucent gate.
  3182 | D:3      | Identified the +6 mace of Balance {flame, rPois rF+ rN+}
  3182 | D:3      | Identified the +2 leather armour of Itutuef {Drain rElec
                  | rC+ Int+4}
  3267 | D:3      | Identified the +9 sling "Vigaf" {antimagic, rElec rF+ rC+}
  3407 | D:3      | Found a bloodstained altar of Trog.
  3513 | D:3      | Killed garrulousMonolith's ghost
  3514 | D:3      | Reached XP level 7. HP: 36/44 MP: 7/7
  3744 | D:4      | Found Pef Rery's Antique Weapon Shoppe.
  3766 | D:4      | Reached skill level 5 in Maces & Flails
  3766 | D:4      | Reached skill level 5 in Armour
  3766 | D:4      | Reached skill level 5 in Shields
  4018 | D:5      | Entered Level 5 of the Dungeon
  4031 | D:5      | Reached skill level 5 in Fighting
  4031 | D:5      | Reached XP level 8. HP: 46/49 MP: 8/8
  4416 | D:5      | Found a stormy altar of Qazlal.
  4610 | D:5      | Found a hide-covered altar of Uskayaw.
  4610 | D:5      | Noticed a +0 dagger
  4610 | D:5      | Noticed a +0 dagger
  4610 | D:5      | Noticed a +0 short sword
  4610 | D:5      | Noticed a +0 falchion
  4611 | D:5      | Noticed a +0 spear
  4611 | D:5      | Noticed a +0 falchion
  4612 | D:5      | Noticed a +0 short sword
  4613 | D:5      | Noticed a +0 spear
  4825 | D:6      | Noticed Menkaure
  4832 | D:6      | Killed Menkaure
  4838 | D:6      | Found a glowing golden altar of the Shining One.
  4851 | D:6      | Reached XP level 9. HP: 55/55 MP: 9/9
  4980 | D:6      | Found an iron altar of Okawaru.
  4982 | D:6      | Found a glowing golden altar of the Shining One.
  5005 | D:6      | Became a worshipper of Warmaster Okawaru
  5112 | D:6      | Found a snail-covered altar of Cheibriados.
  5415 | D:6      | Found a shimmering blue altar of Sif Muna.
  5481 | D:6      | Noticed Blork the orc
  5486 | D:6      | Killed Blork the orc
  5595 | D:6      | Found a runed translucent door.
  5596 | D:6      | Noticed Esekla's ghost (weakling OpDe)
  5621 | D:6      | Found a white marble altar of Elyvilon.
  5725 | D:6      | Killed Esekla's ghost
  5770 | D:7      | Found a flagged portal.
  5780 | Bailey   | Entered a bailey
  5793 | Bailey   | Identified the +5 chain mail of Loss {rElec rN+ Str+3
                  | Dex-4}
  5811 | Bailey   | Reached skill level 1 in Invocations
  5862 | Bailey   | Noticed an orc knight
  5877 | Bailey   | Killed an orc knight
  5877 | Bailey   | Reached * piety under Okawaru
  6665 | D:7      | Noticed Pikel
  6672 | D:7      | Killed Pikel
  6672 | D:7      | Reached ** piety under Okawaru
  6673 | D:7      | Reached XP level 10. HP: 51/61 MP: 10/12
  6743 | D:7      | Noticed Maggie
  6753 | D:7      | Killed Maggie
  6758 | D:7      | Reached *** piety under Okawaru
  6863 | D:7      | Found a staircase to the Ecumenical Temple.
  6901 | D:7      | Noticed Prince Ribbit
  6912 | D:7      | Killed Prince Ribbit
  7183 | Temple   | Entered the Ecumenical Temple
  7245 | D:8      | Noticed Psyche
  7262 | D:8      | Killed Psyche
  7662 | D:8      | Reached **** piety under Okawaru
  7713 | D:8      | Found a large runed translucent door.
  7750 | D:8      | Found a large runed translucent door.
  7760 | D:8      | Reached skill level 5 in Dodging
  8030 | D:8      | Found a glowing silver altar of Zin.
  8039 | D:8      | Found a broken altar of Ashenzari.
  8039 | D:8      | Noticed Maurice
  8057 | D:8      | Killed Maurice
  8157 | D:9      | Reached XP level 11. HP: 33/68 MP: 12/14
  8432 | D:9      | Found a shimmering altar of Xom.
  8460 | D:9      | Reached skill level 5 in Invocations
  8465 | D:9      | Reached skill level 10 in Maces & Flails
  8555 | D:9      | Identified the +7 long sword of Loum {heavy, Int+2 Dex+2}
  8672 | D:9      | Reached ***** piety under Okawaru
  9057 | D:10     | Entered Level 10 of the Dungeon
  9067 | D:10     | Found a hazy altar of Hepliaklqana.
  9213 | D:10     | Noticed a two-headed ogre
  9220 | D:10     | Killed a two-headed ogre
  9338 | D:10     | Found a staircase to the Lair.
  9446 | D:10     | Noticed Josephine
  9488 | D:10     | Killed Josephine
  9511 | D:10     | Noticed a two-headed ogre
  9721 | D:10     | Found an iron altar of Okawaru.
  9779 | D:10     | Killed a two-headed ogre
  9780 | D:10     | Reached XP level 12. HP: 64/76 MP: 16/16
  9921 | D:10     | Found a sacrificial altar of Ru.
 10491 | D:11     | Noticed Grum
 10500 | D:11     | Killed Grum
 10924 | D:11     | Found a runed translucent gate.
 10924 | D:11     | Found a runed translucent gate.
 10924 | D:11     | Found a runed translucent gate.
 10925 | D:11     | Noticed an 11-headed hydra
 10926 | D:11     | Noticed lotum's ghost (journeyman TeAE)
 11160 | Lair:1   | Entered Level 1 of the Lair of Beasts
 11566 | Lair:1   | Noticed Urug
 11574 | Arena    | Entered the Arena
 11584 | Arena    | Killed Urug
 12583 | Lair:1   | Found a shimmering altar of Xom.
 12720 | Lair:1   | Reached skill level 10 in Armour
 12720 | Lair:1   | Reached skill level 10 in Shields
 12924 | Lair:1   | Reached skill level 10 in Fighting
 13096 | Lair:1   | Reached XP level 13. HP: 82/82 MP: 18/18
 13101 | Lair:1   | Received a gift from Okawaru
 14818 | Lair:2   | Found a staircase to the Shoals.
 15004 | Lair:3   | Identified the +9 demon blade of Juaseshra {freeze, Int+2}
                  | (Okawaru gifted it to you on level 3 of the Lair of Beasts)
 15004 | Lair:3   | Received a gift from Okawaru
 15062 | Lair:3   | Found a staircase to the Snake Pit.
 15805 | Lair:3   | Noticed Jackthecabe's ghost (journeyman VSBr)
 15883 | Lair:3   | Found a transporter.
 15886 | Lair:3   | Found a transporter.
 16854 | Lair:4   | Reached ****** piety under Okawaru
 16883 | Lair:4   | Found a staircase to the Slime Pits.
 16883 | Lair:4   | Found a viscous altar of Jiyva.
 17036 | Lair:4   | Gained mutation: Your large and strong wings let you fly.
                  | [Gargoyle growth]
 17036 | Lair:4   | Reached XP level 14. HP: 90/90 MP: 20/20
 17199 | Lair:5   | Entered Level 5 of the Lair of Beasts
 17224 | Lair:5   | Received a gift from Okawaru
 18275 | Lair:5   | Received a gift from Okawaru
 18733 | Lair:5   | Found a glowing silver altar of Zin.
 19571 | D:12     | Reached skill level 10 in Invocations
 19709 | D:12     | Found a staircase to the Orcish Mines.
 19722 | D:12     | Received a gift from Okawaru
 19881 | Arena    | Entered the Arena
 21389 | D:13     | Reached skill level 15 in Maces & Flails
 22021 | D:13     | Reached XP level 15. HP: 59/96 MP: 19/22
 22248 | D:14     | Found a stormy altar of Qazlal.
 22922 | D:14     | Found a glowing golden altar of the Shining One.
 23429 | D:14     | Found a gate to the Vaults.
 23439 | D:14     | Identified the +5 plate armour of Ugetyf {rElec rF+ rN+
                  | Dex+4}
 23624 | D:15     | Entered Level 15 of the Dungeon
 24670 | D:15     | Found a staircase to the Depths.
 25027 | Orc:1    | Entered Level 1 of the Orcish Mines
 25138 | Orc:1    | Noticed Erolcha
 25172 | Orc:1    | Killed Erolcha
 25173 | Orc:1    | Noticed Snorg
 25188 | Orc:1    | Killed Snorg
 25455 | Orc:2    | Entered Level 2 of the Orcish Mines
 25635 | Orc:2    | Found a staircase to the Elven Halls.
 25750 | Orc:2    | Noticed Sonja
 26075 | Orc:1    | Killed Sonja
 26190 | Orc:2    | Reached XP level 16. HP: 102/104 MP: 23/23
 26473 | Orc:2    | Paralysed by something for 4 turns
 26514 | Orc:2    | Found Feyg's Distillery.
 26528 | Orc:2    | Found Haguar's Jewellery Shoppe.
 26531 | Orc:2    | Found Woguc's Antique Weapon Boutique.
 26541 | Orc:2    | Found Cohe Vetreo's Antique Weapon Shop.
 26917 | Orc:2    | Bought the ring "Izun" {Will+ Dex+3} for 536 gold pieces
 26927 | Orc:2    | Bought a potion of heal wounds for 85 gold pieces
 26927 | Orc:2    | Bought a potion of curing for 51 gold pieces
 27176 | Snake:1  | Entered Level 1 of the Snake Pit
 28131 | Snake:1  | Found Utamn's Mayhem Merchandise.
 28409 | Snake:1  | Noticed a nagaraja
 28433 | Snake:1  | Killed a nagaraja
 29023 | Snake:2  | Noticed a nagaraja
 29380 | Snake:1  | Killed a nagaraja
 30287 | Snake:2  | Received a gift from Okawaru
 30555 | Snake:2  | Identified the ring of Potam {rPois Str+6 Int+5 Dex-2 SInv}
 30627 | Snake:2  | Reached skill level 15 in Armour
 30633 | Snake:2  | Reached skill level 15 in Fighting
 30633 | Snake:2  | Reached skill level 15 in Shields
 30984 | Snake:2  | Received a gift from Okawaru
 32401 | Snake:3  | Reached XP level 17. HP: 113/113 MP: 24/24
 32876 | Snake:3  | Identified the +1 ring mail of the Eight Tusks {+Inv rN+
                  | Int+2}
 33358 | Snake:2  | Received a gift from Okawaru
 34993 | Snake:3  | Upgraded the game from 0.30-a0-726-gd89dcf765f to
                  | 0.30-a0-728-gc68057be0a
 35022 | Snake:4  | Entered Level 4 of the Snake Pit
 36631 | Snake:4  | Identified the +6 scale mail of Maebleq {Rampage} (Okawaru
                  | gifted it to you on level 4 of the Snake Pit)
 36631 | Snake:4  | Received a gift from Okawaru
 38297 | Snake:3  | Reached XP level 18. HP: 52/124 MP: 25/25
 39863 | Snake:4  | Got a serpentine rune of Zot
 40019 | Shoals:1 | Entered Level 1 of the Shoals
 40026 | Shoals:1 | Identified the +9 flail of the Glowing Madman {drain, rF+
                  | Str-2 Stlth+} (Okawaru gifted it to you on level 1 of the
                  | Shoals)
 40026 | Shoals:1 | Received a gift from Okawaru
 40058 | Shoals:1 | Found a flickering gateway to a bazaar.
 40086 | Bazaar   | Entered a bazaar
 40086 | Bazaar   | Found Riesibit's Antique Weapon Shoppe.
 40086 | Bazaar   | Found Zeqeunyesu's General Store.
 40298 | Bazaar   | Found Amuapeen's Magic Scroll Shoppe.
 40314 | Bazaar   | Found Laakaisch's Book Emporium.
 40333 | Bazaar   | Bought a scroll of acquirement for 364 gold pieces
 40334 | Bazaar   | Acquired a +0 eveningstar of draining
 40468 | Bazaar   | Bought a book of Armaments for 432 gold pieces
 40482 | Bazaar   | Bought a scroll of acquirement for 572 gold pieces
 40482 | Bazaar   | Bought a scroll of enchant weapon for 82 gold pieces
 40482 | Bazaar   | Bought a scroll of enchant weapon for 82 gold pieces
 40482 | Bazaar   | Bought a scroll of enchant weapon for 82 gold pieces
 40482 | Bazaar   | Bought a scroll of fear for 44 gold pieces
 40483 | Bazaar   | Acquired the +13 crystal plate armour of the Comet {rC+
                  | Regen+ Str-3}
 40511 | Bazaar   | Bought a wand of digging (4) for 117 gold pieces
 40537 | Shoals:1 | Found Reyrhoca's Antique Armour Shop.
 40746 | Shoals:1 | Identified the +1 animal skin "Titeez" {rCorr Str+6 Int+3}
 40784 | Shoals:1 | Found Opaecaiph's Magic Scroll Shop.
 40789 | Shoals:1 | Bought a scroll of teleportation for 48 gold pieces
 40789 | Shoals:1 | Bought a scroll of teleportation for 48 gold pieces
 40789 | Shoals:1 | Bought a scroll of teleportation for 48 gold pieces
 41172 | Shoals:1 | Found Qaaclat's Jewellery Shop.
 41563 | Shoals:2 | Identified the +5 chain mail "Balurgh" {Int+3} (Okawaru
                  | gifted it to you on level 2 of the Shoals)
 41563 | Shoals:2 | Received a gift from Okawaru
 42423 | Shoals:3 | Found a runed translucent gate.
 42423 | Shoals:3 | Found a runed translucent gate.
 42423 | Shoals:3 | Found a runed translucent gate.
 42609 | Shoals:3 | Identified the +5 sling of Victory {freeze, rElec Str+7
                  | Int+2}
 43188 | Shoals:3 | Noticed Heluore's ghost (adept DsGl)
 43219 | Shoals:4 | Entered Level 4 of the Shoals
 43219 | Shoals:4 | Noticed Polyphemus
 43228 | Shoals:3 | Killed Polyphemus
 43318 | Shoals:4 | Reached XP level 19. HP: 132/132 MP: 27/27
 43832 | Shoals:4 | Identified the +6 ring mail of the Harvest {rN++ Will-
                  | Slay+2 Stlth+} (Okawaru gifted it to you on level 4 of the
                  | Shoals)
 43832 | Shoals:4 | Received a gift from Okawaru
 43834 | Arena    | Entered the Arena
 44661 | Shoals:4 | Got a barnacled rune of Zot
 45026 | Elf:1    | Entered Level 1 of the Elven Halls
 45077 | Elf:1    | Reached skill level 1 in Ranged Weapons
 46554 | Elf:2    | Reached XP level 20. HP: 139/140 MP: 30/30
 46711 | Elf:2    | Found a runed translucent gate.
 46712 | Elf:2    | Found a runed translucent gate.
 46712 | Elf:2    | Found a runed translucent gate.
 46749 | Elf:3    | Entered Level 3 of the Elven Halls
 47021 | Elf:3    | Found Xovvaus's Specific Store.
 47023 | Elf:3    | Found Roget's General Store.
 47526 | Elf:3    | Reached skill level 5 in Ranged Weapons
 47549 | Elf:3    | Received a gift from Okawaru
 47572 | Elf:3    | HP: 3/140 [deep elf sorcerer/damnation (45)]
 47574 | Arena    | Entered the Arena
 49212 | Elf:3    | Identified the +0 rapier "Xaquas" {freeze, rC+ Int+2}
 49230 | Elf:3    | Got the Papyrus of the Map
 49240 | Elf:3    | Got the Octavo of the Atmosphere
 49254 | Elf:3    | Identified the +5 ring mail of Oblivion {+Blink Int+3}
 49275 | Elf:3    | Found the +2 hat of the Bear Spirit {Spirit, Bear, *Rage
                  | Will++}
 49297 | Elf:3    | Got Leda's Codex of Excavation
 49316 | Elf:3    | Got Sif Muna's Textbook on the Fjord and Bombardment
 49569 | Elf:3    | Found Xovvaus's Specific Store.
 49571 | Elf:3    | Found Roget's General Store.
 50450 | Vaults:1 | Entered Level 1 of the Vaults
 50500 | Vaults:1 | Gained mutation: You expend magic power (3 MP) to
                  | strengthen your wands. [a cacodemon]
 50631 | Vaults:1 | Found Keamul's Distillery.
 50643 | Vaults:1 | Bought a potion of heal wounds for 95 gold pieces
 50845 | Vaults:1 | Identified the +0 pair of boots of the Clam {rElec rN+++
                  | Will- Slay+6} (Okawaru gifted it to you on level 1 of the
                  | Vaults)
 50845 | Vaults:1 | Received a gift from Okawaru
 51143 | Vaults:1 | Identified the +2 robe of Huocoh {Int+2 Stlth+}
 52433 | Vaults:2 | Found a staircase to the Crypt.
 52433 | Vaults:2 | Found an ancient bone altar of Kikubaaqudgha.
 52436 | Vaults:2 | Found a basalt altar of Yredelemnul.
 52462 | Vaults:2 | Reached XP level 21. HP: 147/147 MP: 24/31
 52657 | Vaults:2 | Mangled by a yaktaur captain

Illustrated notes

Levels and vault maps discovered:
D:1:      shiori_arrival_maze, layout_loops_ring
D:2:      layout_basic
D:3:      layout_loops_ring, nicolae_overflow_crystal_walls,
          mainiacjoe_overflow_alcove_2, portal_sewer_entry_f,
          biasface_ghost_orc_armoury
D:4:      layout_rooms, serial_shops, shop, minmay_misc_feat_chi
D:5:      layout_rooms, nicolae_uskayaw_en_pointe, old_standard_altar
D:6:      layout_rooms, nicolae_sif_muna_little_library,
          nicolae_elyvilon_temple_path, mainiacjoe_overflow_catch_the_wave,
          gammafunk_ghost_grave, hangedman_feature_mirror,
          minmay_misc_feat_enclosed, uniq_blork_the_orc, uniq_menkaure
D:7:      layout_basic, minmay_temple_entry_mist, enter_bailey_6,
          kennysheep_small_spiral, uniq_pikel, uniq_maggie, uniq_prince_ribbit1
D:8:      layout_basic, jmf_multi_god_temple2, uniq_psyche, uniq_maurice
D:9:      layout_cave_pools, mainiacjoe_overflow_catwalk
D:10:     layout_basic, lemuel_round_altar, lemuel_doored_altar,
          nicolae_ru_awakened_eye, hellmonk_lair_entry_icy, uniq_josephine
D:11:     layout_irregular_city, gammafunk_ghost_hydra_chop, uniq_grum
D:12:     layout_stronghold, david_orc_5
D:13:     layout_gridville
D:14:     layout_gridville, ximxim_vaults_locker_room,
          nicolae_tso_carved_into_rock, chequers_decorated_corner,
          grunt_qazlal_clouds
D:15:     hangedman_depths_entry_try_elsewhere_first, layout_long_grid
Temple:   nicolae_temple_ecumenical_triangle
Lair:1:   layout_cave_pods, basic_altar, nicolae_lair_grazing_beasts
          [nicolae_sub_lair_graze_edge, nicolae_sub_lair_graze_edge,
          nicolae_sub_lair_graze_edge, nicolae_sub_lair_graze_edge], uniq_urug
Lair:2:   layout_gridlike, minmay_shoals_entry_hut, serial_bayou_crossing
Lair:3:   layout_roguey, nicolae_snake_entry_warm_welcome,
          gammafunk_ghost_arena, grunt_megastairs_5
Lair:4:   layout_regular_city, slime_entry_1, grunt_forest_small_clearings,
          fungi_pond_lemuel, serial_bayou_lake_a
Lair:5:   evilmike_catoblepas_cave, layout_gridlike, basic_altar
Shoals:1: argonaut_golden_fleece, layout_shoals, serial_shops, freezing_bzr,
          shop, nicolae_shop_advertising_works [nicolae_subvault_shop_adworks],
          nicolae_shop_hallway_plus, hangedman_shoals_cup_caves
Shoals:2: layout_shoals
Shoals:3: layout_shoals, gammafunk_ghost_necromancy,
          nicolae_shoals_lost_giant_temple
Shoals:4: shoals_end_grunt_ice, layout_shoals, nzn_prometheus_bound,
          uniq_polyphemus
Snake:1:  layout_gridlike, nicolae_snake_yet_another_twisty_hallway,
          minmay_shop_mayhem
Snake:2:  layout_layer_cave, st_stairs_10
Snake:3:  layout_chambers
Snake:4:  snake_hunt, layout_cave_town, drop_trap,
          nicolae_snake_gridmaze_spiral, st_stairs_8
Orc:1:    layout_caves, uniq_snorg, uniq_erolcha
Orc:2:    st_orc_open, layout_caves, basic_altar, nicolae_orc_stony_grotto,
          uniq_sonja
Elf:1:    minmay_elf_crystal_pentagon, layout_geoelf_grid,
          hangedman_elf_represent
Elf:2:    nicolae_elf_blades_crystal_corner, layout_onion_city
Elf:3:    minmay_elf_hall_hex, layout_onion_city, nicolae_specific_store
Vaults:1: st_star, hangedman_vaults_stagger, vaults_mumra_hexcomb,
          grunt_vaults_hallway_short, grunt_vaults_funnel, v_misc_27,
          nicolae_vaults_little_squares_4, vaults_dpeg_hooks,
          layout_vaults_big_room, serial_shops, nicolae_shop_statue_plus
Vaults:2: minmay_crypt_entry_necro_gods, ontoclasm_vaults_ring_square,
          nicolae_vaults_windows_and_doors_thing, ontoclasm_vaults_ring_large,
          nicolae_vaults_branching_niches, vaults_room_boxed,
          grunt_vaults_diagonal, nicolae_vaults_alarming, hangedman_vaults_maws,
          nicolae_vaults_angled_halls, vaults_room_pool, v_misc_8,
          dpeg_vaults_monster_box, layout_vaults_maze_bifur

Skill      XL: |  1  2  3  4  5  6  7  8  9 10 11 12 13 14 15 16 17 18 19 20 |
---------------+-------------------------------------------------------------+-----
Dodging        | 1 2 3 4 5 7 |  7.3
Maces & Flails | 3 4 5 6 8 9 11 12 13 15 16 | 16.0
Armour         | 4 5 7 9 10 11 12 13 15 17 19 20 | 20.7
Shields        | 4 5 6 7 9 10 11 12 13 15 | 15.0
Fighting       | 4 5 6 7 9 10 11 12 13 15 17 19 20 | 20.7
Invocations    | 2 4 6 7 9 10 11 13 14 | 14.5
Ranged Weapons | 4 8 |  8.8

Action                     |  1- 3 |  4- 6 |  7- 9 | 10-12 | 13-15 | 16-18 | 19-21 || total
---------------------------+-------+-------+-------+-------+-------+-------+-------++-------
  Melee: Flail             |    66 |       |       |       |       |     5 |       ||    71
         Whip              |    38 |   332 |     7 |       |       |    11 |       ||   388
         Mace              |       |       |   269 |   772 |  1580 |  2017 |       ||  4638
         Unarmed           |       |       |       |    11 |       |       |       ||    11
         Eveningstar       |       |       |       |       |       |   424 |  1288 ||  1712
   Fire: Sling             |       |       |       |       |       |     4 |       ||     4
  Throw: Boomerang         |       |       |     4 |    30 |       |     8 |       ||    42
 Invoke: Heroism           |       |       |       |    10 |    24 |    15 |    11 ||    60
         Finesse           |       |       |       |     3 |     5 |     2 |     5 ||    15
         Duel              |       |       |       |     1 |     1 |       |     2 ||     4
  Evoke: Wand              |       |       |     3 |     9 |    12 |     6 |     7 ||    37
         Lightning rod     |       |       |       |     1 |       |       |       ||     1
    Use: Scroll            |     1 |     4 |    13 |     6 |    14 |    23 |     7 ||    68
         Potion            |       |     3 |     4 |     6 |    11 |    11 |    13 ||    48
   Stab: Petrified         |       |       |       |       |     7 |       |       ||     7
         Invisible         |       |       |       |       |     8 |     5 |     1 ||    14
 Armour: Scale mail        |    48 |    15 |       |       |       |       |       ||    63
         Chain mail        |       |   233 |   228 |   697 |   830 |       |       ||  1988
         Plate armour      |       |       |       |       |   239 |  1322 |       ||  1561
         Crystal plate arm |       |       |       |       |       |   166 |  1113 ||  1279
  Dodge: Dodged            |    53 |   158 |   143 |   472 |   733 |   794 |   326 ||  2679
  Block: Buckler           |    16 |    88 |    79 |   326 |   385 |       |       ||   894
         Kite shield       |       |       |       |       |   277 |  1731 |   929 ||  2937
         Reflection        |       |       |       |       |       |       |     3 ||     3

Table legend: (Time is in decaauts)
 A = Elapsed time spent in this place.
 B = Non-inter-level travel time spent in this place.
 C = Inter-level travel time spent in this place.
 D = Time resting spent in this place.
 E = Time spent auto-exploring this place.
 F = Levels seen in this place.
 G = Mean time per level.
                   A        B        C        D        E       F      G
               +--------+--------+--------+--------+--------+-----+--------+
         Total |  51375 |  48674 |   2701 |  11666 |  26294 |  43 | 1194.8 |
       Dungeon |  15036 |  13897 |   1139 |   1906 |   9087 |  15 | 1002.4 |
        Temple |     43 |     25 |     18 |      0 |     19 |   1 |   43.0 |
          Lair |   8209 |   7847 |    362 |   1719 |   4725 |   5 | 1641.8 |
        Shoals |   4211 |   3962 |    249 |    174 |   2520 |   4 | 1052.8 |
     Snake Pit |  12430 |  12208 |    222 |   4881 |   4762 |   4 | 3107.5 |
  Orcish Mines |   2095 |   1925 |    170 |    669 |    803 |   2 | 1047.5 |
   Elven Halls |   5288 |   4925 |    363 |   1243 |   2686 |   3 | 1762.7 |
        Vaults |   1671 |   1496 |    175 |     85 |   1008 |   2 |  835.5 |
        Bazaar |    438 |    438 |      0 |    310 |     28 |   1 |  438.0 |
         Sewer |    948 |    948 |      0 |    267 |    401 |   1 |  948.0 |
        Bailey |    905 |    905 |      0 |    361 |    253 |   1 |  905.0 |
         Arena |     97 |     97 |      0 |     50 |      0 |   4 |   24.2 |
               +--------+--------+--------+--------+--------+-----+--------+

Top non-repeatable levels by time:
 Snake:3: 4097 daAuts
   Elf:3: 3439 daAuts
 Snake:4: 3277 daAuts
 Snake:2: 2891 daAuts
 Snake:1: 2164 daAuts
  Lair:1: 2139 daAuts
  Lair:5: 2069 daAuts
  Lair:2: 1758 daAuts
    D:14: 1731 daAuts
Shoals:4: 1409 daAuts
    D:12: 1385 daAuts
    D:15: 1279 daAuts
  Lair:3: 1274 daAuts
    D:13: 1224 daAuts
    D:10: 1199 daAuts
